 Dungeon Crawl Stone Soup version 0.19-a0-1899-g2d93087 (webtiles) character file.

1249 Naow the Basher (level 8, -1/84 HPs)
             Began as an Ogre Hunter on Oct 20, 2016.
             Was an Initiate of the Shining One.
             Slain by Duvessa
             ... wielding a +0 short sword
              (12 damage)
             ... on level 5 of the Dungeon.
             The game lasted 00:09:56 (6594 turns).

Naow the Basher (Ogre Hunter)                       Turns: 6594, Time: 00:09:56

Health: -1/84      AC:  4    Str: 25    XL:     8   Next: 50%
Magic:  8/8        EV: 11    Int: 10    God:    the Shining One [......]
Gold:   261        SH:  0    Dex: 10    Spells: 0 memorised, 7 levels left

rFire  . . .     SeeInvis .     l - +3 whip (flame)
rCold  . . .     Gourm    .     b - +1 robe
rNeg   . . .     Faith    .     (no shield)
rPois  .         Spirit   .     (helmet restricted)
rElec  .         Reflect  .     (no cloak)
rCorr  .         Harm     .     (gloves unavailable)
MR     .....                    (boots unavailable)
Stlth  +.........               (no amulet)
                                (no ring)
                                (no ring)

@: mighty, glowing
A: unfitting armour, tough skin 1
a: Renounce Religion


You were on level 5 of the Dungeon.
You worshipped the Shining One.
The Shining One was noncommittal.
You were hungry.

You visited 2 branches of the dungeon, and saw 6 of its levels.

You collected 261 gold pieces.

Inventory:

Hand Weapons
 g - a +0 club
 i - a +0 giant spiked club
 l - a +3 whip of flaming (weapon)
Missiles
 c - 5 large rocks (quivered)
 d - 2 throwing nets
Armour
 b - a +1 robe (worn)
Wands
 j - a wand of polymorph (11/24)
Scrolls
 h - 5 scrolls of identify
 k - a scroll of enchant armour
 p - a scroll of teleportation
 q - a scroll of noise
 s - a scroll of remove curse
Potions
 e - 2 potions of might
 m - a potion of curing
Comestibles
 a - 3 beef jerkies
 f - 6 bread rations
 n - 2 meat rations
 o - 4 chunks of flesh


   Skills:
 + Level 6.4 Fighting
 * Level 8.1 Maces & Flails
 + Level 5.8 Throwing
 + Level 4.5 Dodging
 - Level 0.6 Stealth


You had 7 spell levels left.
You didn't know any spells.

Dungeon Overview and Level Annotations

Branches:
Dungeon (5/15)             Temple (1/1) D:5

Altars:
Cheibriados
Elyvilon
Fedhas
Gozag
Hepliaklqana
Kikubaaqudgha
Makhleb
Nemelex Xobeh
Okawaru
Qazlal
Ru
Sif Muna
Trog
Vehumet
Xom
Yredelemnul
Zin
The Shining One

Shops:
D:4 *

Annotations:
D:5 Duvessa


Innate Abilities, Weirdness & Mutations

You are too large for most types of armour.
You have tough skin. (AC +1)


Message History

Duvessa hits you with a short sword!
* * * LOW HITPOINT WARNING * * *
You barely miss Duvessa.
Duvessa is moderately wounded.
Duvessa hits you with a short sword!
* * * LOW HITPOINT WARNING * * *
The orc closely misses you.
You whack Duvessa! You burn Duvessa.
Duvessa is heavily wounded.
Duvessa hits you with a short sword.
* * * LOW HITPOINT WARNING * * *
You whack the orc! You burn the orc.
You kill the orc!
Duvessa hits you with a short sword!
* * * LOW HITPOINT WARNING * * *
You feel better. Duvessa barely misses you.
You feel better. Duvessa hits you with a short sword!
* * * LOW HITPOINT WARNING * * *
Duvessa hits you with a short sword!
You die...

#### #...
############### #...
.......†@.....#### #...
####...e##.).....# #...
#..'....##.......# ###.
#.##....##.......### #.
#....##....!...[# #.
#....#######....# #.
#....# ####....#####.
....... ..............
#....#######.......####


You could see Duvessa (berserk).

Vanquished Creatures
  Eustachio (D:4)
  A phantom (D:4)
  An ice beast (D:5)
  A sky beast (D:5)
  2 ogres
  A centaur (D:5)
  A bullfrog (D:5)
  2 scorpions
  Dowan (D:5)
  A crimson imp (D:5)
  3 hounds
  2 iguanas (D:4)
  Terence (D:3)
  A mummy (D:5)
  Robin (D:4)
  4 adders
  A worm (D:5)
  A dart slug (D:1)
  3 leopard geckos
  9 orcs
  A ball python (D:1)
  5 giant cockroaches
  10 goblins
  10 hobgoblins
  6 jackals
  12 bats
  9 frilled lizards
  6 kobolds
  8 rats
105 creatures vanquished.

Notes
Turn   | Place    | Note
-------+----------+-------------------------------------------
     0 | D:1      | Naow the Ogre Hunter began the quest for the Orb.
     0 | D:1      | Reached XP level 1. HP: 22/22 MP: 1/1
    69 | D:1      | Reached skill level 1 in Maces & Flails
    75 | D:1      | Reached XP level 2. HP: 16/29 MP: 2/2
   617 | D:1      | Reached skill level 2 in Maces & Flails
   690 | D:1      | Reached XP level 3. HP: 37/37 MP: 3/3
  1827 | D:3      | Found an ancient bone altar of Kikubaaqudgha.
  1827 | D:3      | Found a bloodstained altar of Trog.
  1829 | D:3      | Found an opulent altar of Gozag.
  1829 | D:3      | Found a basalt altar of Yredelemnul.
  1830 | D:3      | Found a white marble altar of Elyvilon.
  1929 | D:3      | Found a sacrificial altar of Ru.
  1954 | D:3      | HP: 1/55 [adder (3)]
  1957 | D:3      | Reached XP level 4. HP: 1/45 MP: 4/4
  3011 | D:3      | Reached skill level 3 in Maces & Flails
  3087 | D:3      | Noticed Terence
  3096 | D:3      | Killed Terence
  3167 | D:3      | Reached XP level 5. HP: 40/54 MP: 5/5
  3871 | D:4      | Noticed an ogre
  3881 | D:4      | Reached skill level 4 in Maces & Flails
  3888 | D:4      | Killed an ogre
  3888 | D:4      | Reached XP level 6. HP: 22/63 MP: 6/6
  4141 | D:4      | Noticed a phantom
  4177 | D:4      | Killed a phantom
  4177 | D:4      | Reached skill level 5 in Maces & Flails
  4378 | D:4      | Noticed Robin
  4684 | D:4      | Killed Robin
  4908 | D:4      | Found Vischu's Elemental Accessories.
  4929 | D:4      | Noticed Eustachio
  4947 | D:4      | Killed Eustachio
  4947 | D:4      | Reached skill level 5 in Fighting
  4947 | D:4      | Reached skill level 6 in Maces & Flails
  4947 | D:4      | Reached skill level 5 in Throwing
  4947 | D:4      | Reached XP level 7. HP: 15/72 MP: 7/7
  5400 | D:5      | Entered Level 5 of the Dungeon
  5406 | D:5      | Found a snail-covered altar of Cheibriados.
  5651 | D:5      | Found a staircase to the Ecumenical Temple.
  5713 | Temple   | Entered the Ecumenical Temple
  5931 | Temple   | Became a worshipper of the Shining One
  5985 | D:5      | Reached skill level 7 in Maces & Flails
  5985 | D:5      | Reached XP level 8. HP: 68/83 MP: 8/8
  6000 | D:5      | Noticed Dowan
  6003 | D:5      | Noticed Duvessa
  6040 | D:5      | Killed Dowan
  6444 | D:5      | Reached skill level 8 in Maces & Flails
  6592 | D:5      | HP: 2/84 [Duvessa/short sword (9)]
  6594 | D:5      | Slain by Duvessa

Vault maps used:
D:1:      kilobyte_arrival_exit_the_forest
D:3:      grunt_temple_overflow_open, nicolae_ru_path_of_blood, first_bread,
          uniq_terence
D:4:      serial_forest, infiniplex_forest_end_2, infiniplex_forest_straight_2,
          infiniplex_forest_end_1, infiniplex_forest_clump_curved,
          infiniplex_forest_zigzag_2, infiniplex_forest_clump_large,
          infiniplex_forest_straight_5, nicolae_elemental_shop, uniq_robin,
          uniq_eustachio
D:5:      slow_altar_1, uniq_duvessa
Temple:   minmay_temple_curvy_loop

Skill      XL: |  1  2  3  4  5  6  7  8 |
---------------+-------------------------+-----
Maces & Flails | 1 2 3 4 6 7 8 |  8.1
Dodging        | 2 3 4 |  4.5
Fighting       | 3 4 5 6 |  6.4
Throwing       | 5 |  5.8
Stealth        | |  0.6

Action                   |  1- 3 |  4- 6 |  7- 9 || total
-------------------------+-------+-------+-------++-------
Melee: Club              |   213 |    51 |       ||   264
       Short sword       |     3 |       |       ||     3
       Whip              |       |   140 |   120 ||   260
  Use: Potion            |     1 |       |     3 ||     4
       Scroll            |       |       |     9 ||     9
 Stab: Sleeping          |       |     1 |       ||     1
  Eat: Chunk             |     4 |     9 |     5 ||    18
Armor: Robe              |    91 |    40 |    11 ||   142
       Skin              |    15 |       |       ||    15
Dodge: Dodged            |   155 |   101 |    68 ||   324
